 Dungeon Crawl Stone Soup version 0.25-a0-420-g1cc7eeb0d1 (webtiles) character file.

Game seed: 7554784860100031310, levelgen mode: deterministic

242 Kohma the Chopper (level 6, -1/53 HPs)
             Began as a Hill Orc Abyssal Knight on Jan 18, 2020.
             Was a Believer of Lugonu.
             Slain by an orc warrior
             ... wielding a +0 short sword of protection
              (8 damage)
             ... on level 4 of the Dungeon.
             The game lasted 00:08:02 (2670 turns).

Kohma the Chopper (Hill Orc Abyssal Knight)         Turns: 2670, Time: 00:08:02

Health: -1/53      AC: 17    Str: 17    XL:     6   Next: 9%
Magic:  9/9        EV:  2    Int: 12    God:    Lugonu [**....]
Gold:   134        SH:  8    Dex: 10    Spells: 5/5 levels left

rFire    . . .     SeeInvis .   a - +2 hand axe
rCold    . . .     Gourm    .   r - +0 shield
rNeg     . . .     Faith    .   u - +0 plate armour
rPois    .         Spirit   .   p - +2 helmet
rElec    .         Reflect  .   b - +2 cloak
rCorr    .         Harm     .   (no gloves)
MR       .....                  (no boots)
Stlth    ..........             (no amulet)
HPRegen  0.17/turn              (no ring)
MPRegen  0.11/turn              (no ring)

@: no status effects
A: no striking features
a: Depart the Abyss, Bend Space, Renounce Religion


You were on level 4 of the Dungeon.
You worshipped Lugonu.
Lugonu was pleased with you.
You were hungry.

You visited 1 branch of the dungeon, and saw 4 of its levels.
You visited the Abyss 1 time.

You collected 134 gold pieces.

Inventory:

Hand Weapons
 a - a +2 hand axe (weapon)
Missiles
 e - 197 stones (quivered)
Armour
 b - a +2 cloak (worn)
 m - a +0 ring mail
 p - a +2 helmet (worn)
 r - a +0 shield (worn)
 u - a +0 plate armour (worn)
Jewellery
 s - a +3 amulet of reflection {unknown}
Wands
 l - a wand of random effects (17)
Scrolls
 h - a scroll of teleportation
 k - a scroll of enchant weapon
 n - a scroll of blinking
Potions
 d - a potion of flight
 f - a potion of brilliance
 g - a potion of resistance
 i - a potion of cancellation {unknown}
 j - a potion of invisibility {unknown}
 o - a potion of haste {unknown}
 q - 3 potions of agility
 t - a potion of might {unknown}
Comestibles
 c - 5 rations


   Skills:
 - Level 4.5 Fighting
 * Level 5.4 Axes
 + Level 2.5 Armour
 - Level 0.7 Dodging
 * Level 1.6 Shields
 + Level 5.0 Invocations


You had 5 spell levels left.
You didn't know any spells.
Your spell library was empty.

Dungeon Overview and Level Annotations

Branches:
Dungeon (4/15)
 Temple: D:4-7

Altars:
Trog
Xom

Annotations:
D:3 2 runed translucent doors, paps's ghost, weakling DsGl


Message History

You hit the orc warrior.
The orc warrior is almost dead.
You block the orc warrior's attack.
Your shield and plate armour prevent you from hitting the orc warrior.
The orc warrior is almost dead.
You block the orc warrior's attack.
You hit the orc warrior but do no damage.
The orc warrior is almost dead.
The orc warrior barely misses you.
You hit the orc warrior but do no damage.
The orc warrior is almost dead.
You block the orc warrior's attack.
You hit the orc warrior but do no damage.
The orc warrior is almost dead.
You block the orc warrior's attack.
Your shield and plate armour prevent you from hitting the orc warrior.
The orc warrior is almost dead.
You feel a little less agile now.
The orc warrior hits you with a +0 short sword of protection!
You die...

. ###.. ..o$. .... ..
#o( #.# .# ##.# #.# ..#
#o# #.# ##.# #o##
#.##...## ##@##
#......##.
#..###.######......#..
.........).............
##...##..#..##...##...#
##.#......###..###...#
#............## #....
#.##...##...#### #...
#. ....#####....###...
# ....# #............


You could see an orc warrior and an orc.

Vanquished Creatures
  A black bear (D:2)
  A centaur skeleton (D:4)
  An orc wizard (D:4)
  4 adders
  A worm (D:2)
  A dart slug (D:2)
  3 leopard geckos
  An orc (D:3)
  9 bats
  A giant cockroach (D:2)
  6 hobgoblins
  3 jackals (D:3)
  8 kobolds
  6 frilled lizards
  6 goblins
  A rat (D:2)
53 creatures vanquished.

Notes
Turn   | Place    | Note
-------+----------+-------------------------------------------
     0 | Abyss:1  | Kohma the Hill Orc Abyssal Knight began the quest for the
                  | Orb.
     0 | Abyss:1  | Reached XP level 1. HP: 19/19 MP: 2/2
    39 | D:1      | Escaped the Abyss
   381 | D:1      | Reached XP level 2. HP: 27/27 MP: 4/4
   684 | D:2      | Reached XP level 3. HP: 30/33 MP: 5/5
   792 | D:2      | Reached ** piety under Lugonu
   983 | D:2      | Noticed a black bear
   991 | D:2      | Killed a black bear
   991 | D:2      | Reached XP level 4. HP: 34/41 MP: 5/7
   991 | D:2      | Reached XP level 5. HP: 39/47 MP: 5/8
  1116 | D:2      | Found a bloodstained altar of Trog.
  1565 | D:3      | Found a shimmering altar of Xom.
  1610 | D:3      | Found a runed translucent door.
  1622 | D:3      | Noticed paps's ghost (weakling DsGl)
  1817 | D:3      | Reached skill level 5 in Axes
  1923 | D:3      | Found a runed translucent door.
  2096 | D:3      | Reached skill level 1 in Shields
  2609 | D:4      | Reached skill level 5 in Invocations
  2609 | D:4      | Reached XP level 6. HP: 53/53 MP: 9/9
  2614 | D:4      | Noticed an orc warrior
  2670 | D:4      | Slain by an orc warrior

Levels and vault maps discovered:
D:1:      dpeg_arrival_rooms_b, layout_rooms
D:2:      minmay_diamond_boxcup, layout_basic, bloody_trog
D:3:      layout_basic, xom_butterflies, ebering_ghost_sewer_f
D:4:      minmay_chambers_of_twos, layout_layer_cave, guppyfry_early_orc_mine

Skill      XL: |  1  2  3  4  5 |
---------------+----------------+-----
Axes           | 3 4 5 |  5.4
Invocations    | 3 4 5 |  5.0
Fighting       | 4 |  4.5
Shields        | 1 |  1.6
Armour         | |  2.5
Dodging        | |  0.7

Action                   |  1- 3 |  4- 6 || total
-------------------------+-------+-------++-------
Melee: Hand axe          |    95 |   157 ||   252
Throw: Stone             |     5 |       ||     5
  Use: Scroll            |       |    11 ||    11
       Potion            |       |     1 ||     1
  Eat: Chunk             |       |     5 ||     5
Armor: Leather armour    |    14 |       ||    14
       Ring mail         |    29 |    21 ||    50
       Plate armour      |       |    90 ||    90
Dodge: Dodged            |    64 |    29 ||    93
Block: Shield            |     5 |    60 ||    65

Table legend:
 A = Non-vault XP
 B = Vault XP
 C = Vault XP percentage of total XP
 D = Non-vault monster count
 E = Vault monster count
 F = Vault count percentage of total count
                 A         B        C        D         E       F
            +---------+---------+-------+---------+---------+-------
      Total |     280 |      66 |  19.1 |      43 |      10 |  18.9
            +---------+---------+-------+---------+---------+-------
        D:1 |      13 |       0 |   0.0 |       7 |       0 |   0.0
        D:2 |     190 |      26 |  12.0 |      22 |       9 |  29.0
        D:3 |      31 |       0 |   0.0 |      12 |       0 |   0.0
        D:4 |      46 |      40 |  46.5 |       2 |       1 |  33.3
            +---------+---------+-------+---------+---------+-------
